 Dungeon Crawl Stone Soup version 0.22-a0-580-gd5db89c (webtiles) character file.

3720 Hebeh the Cleaver (level 9, -2/80 HPs)
             Began as a Minotaur Fighter on July 2, 2018.
             Was a Believer of Trog.
             Slain by Erica
             ... wielding a +3 scimitar of flaming
              (12 damage)
             ... on level 7 of the Dungeon.
             The game lasted 00:25:09 (7726 turns).

Hebeh the Cleaver (Minotaur Fighter)                Turns: 7726, Time: 00:25:10

Health: -2/80      AC: 11    Str: 23    XL:     9   Next: 92%
Magic:  0/9        EV:  6    Int:  8    God:    Trog [**....]
Gold:   513        SH: 16    Dex: 11    Spells: 8/8 levels left

rFire    . . .     SeeInvis .   u - +5 hand axe
rCold    . . .     Gourm    .   C - +0 large shield
rNeg     + . .     Faith    .   w - +1 scale mail "Sierack" {Int+3}
rPois    .         Spirit   +   (helmet restricted)
rElec    .         Reflect  .   I - +0 cloak
rCorr    .         Harm     .   (no gloves)
MR       ++...                  K - +0 pair of boots
Stlth    ..........             y - amulet of guardian spirit
HPRegen  1.23/turn              q - ring of positive energy
MPRegen  0.11/turn              (no ring)

@: lethally poisoned (-2 -> -3), berserk cooldown, regenerating, slowed, very
slow
A: retaliatory headbutt, horns 2
a: Berserk, Trog's Hand, Renounce Religion


You were on level 7 of the Dungeon.
You worshipped Trog.
Trog was pleased with you.
You were near starving.

You visited 2 branches of the dungeon, and saw 9 of its levels.

You collected 513 gold pieces.

Inventory:

Hand Weapons
 a - a +0 war axe
 u - a +5 hand axe (weapon)
Missiles
 m - 5 javelins of returning (quivered)
 n - 109 sling bullets
Armour
 w - the +1 scale mail "Sierack" (worn) {Int+3}
   (You found it on level 4 of the Dungeon)

   It affects your intelligence (+3).
 C - a +0 large shield (worn)
 I - a +0 cloak (worn)
 K - a +0 pair of boots (worn)
Jewellery
 q - a ring of positive energy (left hand)
 y - an amulet of guardian spirit (around neck)
Wands
 s - a wand of acid (10)
 E - a wand of enslavement (9)
 J - a wand of iceblast (12)
Scrolls
 e - 7 scrolls of teleportation {unknown}
 j - 10 scrolls of identify {unknown}
 k - a scroll of enchant weapon {unknown}
 l - 4 scrolls of remove curse
 o - a scroll of vulnerability {unknown}
 r - a scroll of blinking {unknown}
 v - 2 scrolls of enchant armour {unknown}
 x - a scroll of fog {unknown}
 B - a scroll of fear {unknown}
 D - a scroll of immolation {unknown}
 G - 2 scrolls of magic mapping {unknown}
Potions
 b - a potion of lignification {unknown}
 c - a potion of heal wounds {unknown}
 d - 3 potions of might
 g - 3 potions of cancellation
 h - 3 potions of haste {unknown}
 i - 2 potions of curing
 p - a potion of agility
 t - 2 potions of ambrosia {unknown}
 z - 3 potions of resistance {unknown}
 A - 2 potions of degeneration {unknown}
 H - a potion of mutation {unknown}
 L - a potion of berserk rage {unknown}
Comestibles
 f - 16 rations
 F - 5 chunks of flesh


   Skills:
 + Level 7.7 Fighting
 * Level 10.1 Axes
 + Level 5.3 Throwing
 + Level 7.8 Armour
 + Level 7.7 Shields
 + Level 2.3 Evocations


You had 8 spell levels left.
You didn't know any spells.
Your spell library was empty.

Dungeon Overview and Level Annotations

Branches:
Dungeon (8/15)             Temple (1/1) D:6
   Lair: D:8-11

Altars:
Elyvilon
Fedhas
Gozag
Makhleb
Nemelex Xobeh
Ru
Sif Muna
Trog
Uskayaw
Vehumet
Wu Jian
Yredelemnul
Zin
Jiyva

Annotations:
D:5 1 runed door, Tiareth's ghost, novice DEWz
D:7 Erica


Innate Abilities, Weirdness & Mutations

You reflexively headbutt those who attack you in melee.
You have a pair of horns on your head.


Message History

* * * LOW HITPOINT WARNING * * *
You feel as though you will be slow longer.
Something hits you.
* * * LOW HITPOINT WARNING * * *
Something burns you.
* * * LOW HITPOINT WARNING * * *
You block the hornet's attack.
You miss something. You hit the hornet but do no damage.
You feel the effects of Trog's Hand fading.
You block the hornet's attack. Something hits you.
* * * LOW HITPOINT WARNING * * *
Something burns you.
* * * LOW HITPOINT WARNING * * *
You block the hornet's attack.
You slash something! You hit the hornet. The hornet stings you.
* * * LOW HITPOINT WARNING * * *
You are poisoned.
You feel as though you will be slow longer.
Something hits you!
You die...

# ############ ## #..........#
.## #..........# ..# #..........#
..# #........oo# ..# ##...####y##
..# #.### #@# ..# #.# #(# ..# #.#
#o# ############## .## #.#
#.###.....##.....# ## #.#
#<##.............. # #.#
#.#...............
##.######[#...............
#####.........#...............
####.....#.......................


You could see a hornet, an orc priest and 2 orcs.

Vanquished Creatures
  Pikel (D:4)
  Grinder (D:7)
  Eustachio (D:6)
  A spriggan (D:7)
  An ice beast (D:5)
  An orc warrior (D:5)
  A slave (D:4)
  2 sky beasts (D:5)
  A phantom (D:7)
  5 ogres
  A centaur (D:6)
  A big kobold (D:7)
  2 bullfrogs (D:7)
  A water moccasin zombie (D:8)
  A scorpion (D:7)
  4 wights (D:6)
  2 howler monkeys (D:6)
  3 crimson imps
  A hound (D:7)
  A bullfrog zombie (D:7)
  5 orc priests
  5 jellies
  Ijyb (D:5)
  Natasha (twice) (D:4)
  12 orc wizards
  2 worker ants
  A killer bee zombie (D:7)
  A hound skeleton (D:4)
  2 worker ant zombies
  A howler monkey skeleton (D:6)
  11 adders
  2 oozes
  An adder skeleton (D:4)
  4 worms
  3 dart slugs
  7 leopard geckos
  30 orcs
  7 giant cockroaches
  9 goblins
  6 hobgoblins
  12 jackals
  5 quokkas
  2 ball pythons (D:3)
  7 bats
  6 frilled lizards
  11 kobolds
  A leopard gecko zombie (D:6)
  A quokka skeleton (D:5)
  8 rats
197 creatures vanquished.

Vanquished Creatures (others)
  A hungry ghost (D:3)
  Natasha (D:4)
  An orc (D:4)
  A giant cockroach (D:2)
  2 jackals (D:3)
6 creatures vanquished.

Grand Total: 203 creatures vanquished

Notes
Turn   | Place    | Note
-------+----------+-------------------------------------------
     0 | D:1      | Hebeh the Minotaur Fighter began the quest for the Orb.
     0 | D:1      | Reached XP level 1. HP: 19/19 MP: 0/0
   120 | D:1      | Reached XP level 2. HP: 24/27 MP: 1/1
   233 | D:1      | Reached skill level 3 in Axes
   798 | D:2      | Reached XP level 3. HP: 19/33 MP: 2/2
  1291 | D:2      | Reached XP level 4. HP: 40/40 MP: 3/3
  1306 | D:2      | Found a white marble altar of Elyvilon.
  1402 | D:2      | Reached skill level 1 in Throwing
  1524 | D:2      | Reached skill level 4 in Axes
  1844 | D:3      | Found a radiant altar of Vehumet.
  1865 | D:3      | Killed a hungry ghost
  1996 | D:3      | Reached XP level 5. HP: 37/47 MP: 4/4
  2961 | D:4      | Got a diamond-studded scale mail
  2972 | D:4      | Identified the cursed +1 scale mail "Sierack" {Int+3} (You found it on level 4 of the Dungeon)
  3081 | D:4      | Noticed a slave
  3087 | D:4      | Killed a slave
  3090 | D:4      | Noticed Pikel
  3090 | D:4      | Noticed a slave
  3090 | D:4      | Noticed a slave
  3090 | D:4      | Noticed a slave
  3104 | D:4      | Killed Pikel
  3104 | D:4      | Reached skill level 5 in Fighting
  3104 | D:4      | Reached skill level 6 in Axes
  3104 | D:4      | Reached skill level 5 in Armour
  3104 | D:4      | Reached skill level 5 in Shields
  3104 | D:4      | Reached XP level 6. HP: 34/56 MP: 5/5
  3104 | D:4      | Reached XP level 7. HP: 38/61 MP: 6/6
  3429 | D:4      | Noticed Natasha
  3437 | D:4      | Killed Natasha
  3548 | D:4      | Killed Natasha
  3549 | D:4      | Noticed Natasha
  3556 | D:4      | Killed Natasha
  4392 | D:5      | Entered Level 5 of the Dungeon
  4401 | D:5      | Reached skill level 7 in Axes
  4401 | D:5      | Reached XP level 8. HP: 48/70 MP: 7/7
  4594 | D:5      | Found a runed door.
  4594 | D:5      | Noticed Tiareth's ghost (novice DEWz)
  4751 | D:5      | Noticed Ijyb
  4759 | D:5      | Killed Ijyb
  5059 | D:6      | Found a staircase to the Ecumenical Temple.
  5066 | Temple   | Entered the Ecumenical Temple
  5280 | Temple   | Became a worshipper of Trog the Wrathful
  5439 | D:6      | Reached skill level 8 in Axes
  5505 | D:6      | Reached * piety under Trog
  5569 | D:6      | Noticed Eustachio
  5588 | D:6      | Killed Eustachio
  5783 | D:6      | Found a basalt altar of Yredelemnul.
  5986 | D:5      | Reached XP level 9. HP: 71/78 MP: 6/8
  6355 | D:7      | Reached skill level 9 in Axes
  6582 | D:7      | Reached skill level 1 in Evocations
  6645 | D:7      | Found an opulent altar of Gozag.
  6655 | D:7      | Noticed Grinder
  6663 | D:7      | Killed Grinder
  6751 | D:7      | Reached skill level 5 in Throwing
  6928 | D:7      | Reached ** piety under Trog
  7301 | D:7      | Reached skill level 10 in Axes
  7663 | D:8      | Found a viscous altar of Jiyva.
  7699 | D:8      | Paralysed by a hornet for 3 turns
  7701 | D:8      | Noticed Erica
  7707 | D:8      | Paralysed by a hornet for 3 turns
  7726 | D:7      | Slain by Erica

Vault maps used:
D:1:      dpeg_arrival_arbitrary_a, minivault_14, minmay_misc_feat_rugged
D:2:      nicolae_overflow_hidden_temple, lemuel_flame_loot_1
D:3:      fiery_altar_vehumet
D:4:      minmay_misc_feat_ornament, uniq_natasha, uniq_pikel
D:5:      ebering_ghost_reflecting_pool, first_ration, corexii_checkpoint_b,
          minmay_holes, uniq_grinder, uniq_ijyb, uniq_eustachio
D:6:      nicolae_overflow_crystal_walls, minmay_temple_entry_overgrown
D:7:      basic_altar, the_bakery
D:8:      regret_index_temple_of_mockery, chequers_temple_overflow_minitemple,
          ebering_ghost_xom, jiyva_altar_1, uniq_joseph, uniq_erica
Temple:   nicolae_temple_figure_eight

Skill      XL: |  1  2  3  4  5  6  7  8  9 |
---------------+----------------------------+-----
Axes           | 3 4 6 7 8 10 | 10.1
Shields        | 4 5 6 7 |  7.7
Fighting       | 4 5 6 7 |  7.7
Armour         | 4 5 6 7 |  7.8
Throwing       | 1 2 3 4 5 |  5.3
Evocations     | 2 |  2.3

Action                   |  1- 3 |  4- 6 |  7- 9 || total
-------------------------+-------+-------+-------++-------
Melee: War axe           |    84 |   120 |       ||   204
       Headbutt          |     8 |    34 |    55 ||    97
       Hand axe          |       |    30 |   312 ||   342
Throw: Javelin           |       |       |    25 ||    25
Invok: Berserk           |       |       |     1 ||     1
       Trog's Hand       |       |       |     1 ||     1
  Use: Potion            |       |       |     2 ||     2
       Scroll            |       |       |     1 ||     1
  Eat: Chunk             |     1 |     6 |     8 ||    15
       Ration            |       |       |     2 ||     2
Armor: Scale mail        |    46 |    53 |   104 ||   203
Dodge: Dodged            |    36 |    42 |    59 ||   137
Block: Shield            |    58 |    64 |    22 ||   144
       Large shield      |       |       |   211 ||   211

Table legend:
 A = Spawn XP
 B = Non-spawn XP
 C = Spawn XP percentage of total XP
 D = Spawn monster count
 E = Non-spawn monster count
 F = Spawn count percentage of total count
 G = Total turns spent on level
                    A         B        C        D         E        F      G
               +---------+---------+-------+---------+---------+-------+---------
         Total |       0 |    5315 |   0.0 |       0 |     196 |   0.0 |  7726
               +---------+---------+-------+---------+---------+-------+---------
           D:1 |       0 |      28 |   0.0 |       0 |      20 |   0.0 |   738
           D:2 |       0 |     190 |   0.0 |       0 |      31 |   0.0 |  1277
           D:3 |       0 |     123 |   0.0 |       0 |      34 |   0.0 |   870
           D:4 |       0 |    1017 |   0.0 |       0 |      19 |   0.0 |  1507
           D:5 |       0 |     780 |   0.0 |       0 |      13 |   0.0 |   846
           D:6 |       0 |     991 |   0.0 |       0 |      34 |   0.0 |   870
           D:7 |       0 |    1851 |   0.0 |       0 |      36 |   0.0 |  1276
           D:8 |       0 |     295 |   0.0 |       0 |       8 |   0.0 |   111
        Temple |       0 |      40 |   0.0 |       0 |       1 |   0.0 |   231
               +---------+---------+-------+---------+---------+-------+---------
